 Dungeon Crawl Stone Soup version 0.30-a0-170-g85af917532 (webtiles) character file.

Game seed: 4761841887991238943

21 qw the Shield-Bearer (level 2, 0/19 HPs)
             Began as a Gargoyle Fighter on Oct 1, 2022.
             Slain by a gnoll
             ... wielding a +0 club
              (4 damage)
             ... on level 1 of the Dungeon.
             The game lasted 00:00:12 (524 turns).

qw the Shield-Bearer (Gargoyle Fighter)              Turns: 524, Time: 00:00:12

Health: 0/19       AC:  9    Str: 19    XL:     2   Next: 87%
Magic:  2/2        EV:  9    Int:  8    God:
Gold:   18         SH:  4    Dex:  9    Spells: 1/1 levels left

rFire   . . .      SeeInvis .    a - +0 war axe
rCold   . . .      Faith    .    c - +0 buckler
rNeg    + . .      Spirit   .    b - +0 scale mail
rPois   inf        Reflect  .    (no helmet)
rElec   +          Harm     .    (no cloak)
rCorr   .          Rampage  .    (no gloves)
Will    .....                    (no boots)
Stlth   ..........               (no amulet)
HPRegen 0.06/turn                (no ring)
MPRegen 0.08/turn                (no ring)

@: no status effects
A: sickness immunity, AC +2, negative energy resistance 1, electricity
resistance, torment resistance 1, petrification resistance
a: no special abilities


You were on level 1 of the Dungeon.
You visited 1 branch of the dungeon, and saw 1 of its levels.

You collected 18 gold pieces.


Innate Abilities, Weirdness & Mutations

You are immune to sickness and miasma.
Your stone body is resilient. (AC +2)
You are immune to poison.
You resist negative energy. (rN+)
You are resistant to electric shocks. (rElec)
You are resistant to unholy torment.
You are immune to petrification.


   Skills:
 - Level 3.2 Fighting
 + Level 3.0 Axes
 - Level 3.2 Armour
 - Level 3.2 Shields


You had one spell level left.
You didn't know any spells.
Your spell library was empty.

Inventory:

Hand Weapons
 a - a +0 war axe (weapon)
 e - a +0 whip
Armour
 b - a +0 scale mail (worn)
 c - a +0 buckler (worn)
Scrolls
 f - a scroll of butterflies {unknown}
 g - a scroll of magic mapping {unknown}
Potions
 d - a potion of might

Dungeon Overview and Level Annotations

Branches:
Dungeon (1/15)

Altars:

Shops:
D:1 =


Message History

The jackal is heavily wounded.
You slash the goblin!
You kill the goblin!
You barely miss the jackal. The jackal closely misses you.
The jackal bites you but does no damage.
The ball python bites you but does no damage.
The ball python closely misses you. The jackal completely misses you.
You block the jackal's attack.
You closely miss the jackal.
The jackal is heavily wounded.
You closely miss the ball python. You hit the jackal.
You kill the jackal!
The jackal barely misses you.
The ball python bites you but does no damage.
The ball python barely misses you. You block the jackal's attack.
The rat bites you but does no damage. The ball python barely misses you.
The ball python grabs you. The ball python constricts you.
You slash the ball python!
You kill the ball python!
You hit the rat. You slash the jackal!
You kill the jackal!
A gnoll comes into view. It is wielding a +0 club.
The rat bites you but does no damage.
You closely miss the rat.
The rat is heavily wounded.
The gnoll shouts!
You hit the goblin.
You kill the goblin!
The rat bites you. You block the rat's attack.
Your Axes skill increases to level 3!
You slash the rat!
You kill the rat!
You hit the gnoll.
The gnoll is heavily wounded.
The gnoll hits you with a +0 club.
You completely miss the gnoll.
The gnoll is heavily wounded.
The gnoll hits you with a +0 club. x2
You die...

####'##~......##.#######%#
...#.#~~##.##.##.#......\#
...#.#~ #.##.#..#.#######
##.+.# #.......#.#
...#.#~~#####.#.>).#
...#.#~~......##.###
####'##~########.# ...'..#
#.# ####.}# #@# ~ ####
#)g)# ~~ #...# ### #...# .
..... # .#..... . .#.....
$ #......


You could see a gnoll.

Vanquished Creatures
  2 ball pythons (D:1)
  An endoplasm (D:1)
  A giant cockroach (D:1)
  3 goblins (D:1)
  6 jackals (D:1)
  A quokka (D:1)
  A frilled lizard (D:1)
  A kobold (D:1)
  2 rats (D:1)
18 creatures vanquished.

Notes
Turn   | Place    | Note
-------+----------+-------------------------------------------
     0 | D:1      | qw the Gargoyle Fighter began the quest for the Orb.
     0 | D:1      | Reached XP level 1. HP: 14/14 MP: 1/1
     0 | D:1      | 0 ||| qw: Version: 0.2-a-13-gfc7b4b4
     0 | D:1      | 0 ||| qw: Game counter: 1708
     0 | D:1      | 0 ||| qw: Always use a shield: true
     0 | D:1      | 0 ||| qw: God list: Okawaru
     0 | D:1      | 0 ||| qw: Allow faded altars: false
     0 | D:1      | 0 ||| qw: Do Orc after D:15 true
     0 | D:1      | 0 ||| qw: Do second Lair branch before Depths: true
     0 | D:1      | 0 ||| qw: Lair rune preference: random
     0 | D:1      | 0 ||| qw: Plans: Normal, Zot:1-4, God:TSO, Crypt, Tomb,
                  | Pan, Slime:5, Hells, Abyss, Orb
     0 | D:1      | 0 ||| PLANNING D:1-11
    61 | D:1      | Found a faded altar of an unknown god.
   392 | D:1      | Found Ederusch's Jewellery Emporium.
   399 | D:1      | 399 ||| Stepping ~*~*~tactically~*~*~ (stealth).
   406 | D:1      | Reached XP level 2. HP: 18/19 MP: 2/2
   413 | D:1      | 413 ||| SHOPLISTING amulet "Vikirch" {RegenMP Dex+3 SInv}
                  | (522 gold, have 4).
   413 | D:1      | 413 ||| SHOPLISTING ring of ice (275 gold, have 4).
   413 | D:1      | 413 ||| SHOPLISTING ring of protection from cold (275 gold,
                  | have 4).
   413 | D:1      | 413 ||| SHOPLISTING ring of resist corrosion (220 gold,
                  | have 4).
   413 | D:1      | 413 ||| SHOPLISTING ring of willpower (275 gold, have 4).
   520 | D:1      | Reached skill level 3 in Axes
   524 | D:1      | HP: 4/19 [gnoll/+0 club (6)]
   524 | D:1      | Slain by a gnoll

Levels and vault maps discovered:
D:1:      heliophobic_arrival_glass_houses, layout_loops_cross, serial_shops,
          shop, hellmonk_ecumenical_altar_pennies_from_heaven,
          grunt_decor_clamped

Skill      XL: |  1  2 |
---------------+-------+-----
Axes           | 2 3 |  3.0
Fighting       | |  3.2
Armour         | |  3.2
Shields        | |  3.2

Action                   || total
-------------------------++-------
Melee: War axe           ||    41
Armor: Scale mail        ||    24
Dodge: Dodged            ||    27
Block: Buckler           ||    14

Table legend:
 A = Non-vault XP
 B = Vault XP
 C = Vault XP percentage of total XP
 D = Non-vault monster count
 E = Vault monster count
 F = Vault count percentage of total count
                 A         B        C        D         E       F
            +---------+---------+-------+---------+---------+-------
      Total |      31 |       0 |   0.0 |      18 |       0 |   0.0
            +---------+---------+-------+---------+---------+-------
        D:1 |      31 |       0 |   0.0 |      18 |       0 |   0.0
            +---------+---------+-------+---------+---------+-------
